 Dungeon Crawl Stone Soup version 0.29-a0-337-g68df138881 (webtiles) character file.

Game seed: 15525560759006526169

9305 Jortsu the Blocker (level 11, -12/89 HPs)
             Began as a Gnoll Fighter on Apr 16, 2022.
             Was a High Priest of Wu Jian.
             Killed by divine providence
             ... invoked by a balrug
              (14 damage)
             ... in a Gauntlet.
             The game lasted 00:15:42 (10652 turns).

Jortsu the Blocker (Gnoll Fighter)                 Turns: 10652, Time: 00:15:42

Health: -12/89     AC: 22    Str: 23    XL:     11   Next: 44%
Magic:  20/20      EV: 10    Int:  7    God:    Wu Jian [*****.]
Gold:   784        SH:  7    Dex: 20    Spells: 22/22 levels left

rFire   . . .      SeeInvis +   a - +1 war axe (drain)
rCold   . . .      Faith    .   c - +0 buckler
rNeg    . . .      Spirit   .   j - +0 plate armour
rPois   +          Reflect  .   p - +0 helmet
rElec   .          Harm     .   i - +1 cloak
rCorr   .          Rampage  .   x - +2 pair of gloves {Str+3}
Will    .....      NoTele   +   t - +0 pair of boots
Stlth   ..........              f - amulet of the acrobat
HPRegen 0.24/turn               h - +6 ring of dexterity
MPRegen 0.17/turn               e - ring of poison resistance

@: mighty, lethally poisoned (-12 -> -17)
A: fangs 1, strong nose, distributed training, thin skeletal structure 1, see
invisible
a: Renounce Religion, Wall Jump, Serpent's Lash, Heavenly Storm


You were in a Gauntlet.
You worshipped Wu Jian.
Wu Jian was extremely pleased with you.
You visited 1 branch of the dungeon, and saw 12 of its levels.
You also visited: Gauntlet.

You collected 784 gold pieces.

Inventory:

Hand Weapons
 a - a +1 war axe of draining (weapon)
 F - a +5 halberd of freezing
Armour
 c - a +0 buckler (worn)
 i - a +1 cloak (worn)
 j - a +0 plate armour (worn)
 p - a +0 helmet (worn)
 t - a +0 pair of boots (worn)
 x - a +2 pair of gloves of strength (worn)
Jewellery
 e - a ring of poison resistance (right hand)
 f - an amulet of the acrobat (around neck)
 h - a +6 ring of dexterity (left hand)
 u - a ring of resist corrosion
 y - an amulet of reflection
 I - a +6 ring of intelligence
Wands
 b - a wand of polymorph (10)
 w - a wand of paralysis (18)
 E - a wand of charming (5)
 G - a wand of flame (13)
 J - a wand of acid (5)
 K - a wand of digging (7)
Scrolls
 n - 2 scrolls of blinking
 q - 3 scrolls of immolation
 v - 4 scrolls of teleportation
 B - a scroll of enchant weapon
 D - a scroll of enchant armour
 L - a scroll of identify
Potions
 d - 2 potions of might
 g - 3 potions of berserk rage
 k - 2 potions of brilliance
 l - 2 potions of attraction {unknown}
 m - 2 potions of resistance
 o - a potion of flight
 r - 6 potions of mutation
 s - 4 potions of curing
 z - 3 potions of heal wounds
 A - 2 potions of magic
 C - a potion of lignification


   Skills:
 + Level 9.2 Fighting
 + Level 6.3 Short Blades
 + Level 6.3 Long Blades
 + Level 7.9 Axes
 + Level 6.3 Maces & Flails
 + Level 6.3 Polearms
 + Level 6.3 Staves
 + Level 6.3 Slings
 + Level 6.3 Bows
 + Level 6.3 Crossbows
 + Level 6.3 Throwing
 + Level 9.2 Armour
 + Level 6.3 Dodging
 + Level 6.3 Stealth
 + Level 9.2 Shields
 + Level 6.3 Unarmed Combat
 + Level 6.3 Spellcasting
 + Level 5.2 Conjurations
 + Level 5.2 Hexes
 + Level 5.2 Summonings
 + Level 5.2 Necromancy
 + Level 5.2 Translocations
 + Level 5.2 Transmutations
 + Level 5.2 Fire Magic
 + Level 5.2 Ice Magic
 + Level 5.2 Air Magic
 + Level 5.2 Earth Magic
 + Level 5.2 Poison Magic
 + Level 6.9 Invocations
 + Level 6.3 Evocations


You had 22 spell levels left.
You didn't know any spells.
Your spell library contained the following spells:

 Spells                   Type           Power      Damage    Failure   Level
 Ensorcelled Hibernation  Hex/Ice        18%        N/A       56%         2
 Conjure Flame            Conj/Fire      9%         6-21      80%         3
 Gell's Gravitas          Tloc           9%         N/A       80%         3
 Ignite Poison            Fire/Tmut/Pois 9%         N/A       80%         3
 Spider Form              Tmut/Pois      9%         N/A       80%         3
 Teleport Other           Tloc           9%         N/A       80%         3
 Anguish                  Hex/Necr       4%         N/A       99%         4
 Olgreb's Toxic Radiance  Pois           9%         N/A       99%         4
 Sticky Flame             Conj/Fire      9%         2d3       99%         4
 Dispersal                Tloc           4%         N/A       100%        6
 Ozocubu's Refrigeration  Ice            4%         4d5       100%        7
 Ignition                 Fire           4%         3d4       100%        8


Dungeon Overview and Level Annotations

Branches:
Dungeon (13/15)            Temple (0/1) D:4            Lair (0/6) D:8
    Orc (0/2) D:9         Gauntlet (1/1)
 Vaults: D:13-14

Altars:
Qazlal
Wu Jian

Shops:
D:7 :

Annotations:
Gauntlet 8 transporters, exclusion: lightning spire


Innate Abilities, Weirdness & Mutations

You have very sharp teeth.
Your uncanny sense of smell can sniff out nearby items.
Your experience applies equally to all skills.
You have a somewhat thin skeletal structure. (Dex +2, Stealth+)
You have supernaturally acute eyesight. (SInv)


Message History

The blast of flame hits the hell hound.
The hell hound completely resists.
The blast of flame hits you!
Found a scroll of brand weapon.
You slash the hell hound!
The hell hound is heavily wounded.
You block the hell hound's attack. The balrug gestures at you.
Something smites you!
You barely miss the hell hound.
The hell hound is heavily wounded.
You hit the hell hound but do no damage.
You hit the balrug. The hell hound bites you.
The hell hound bites you but does no damage.
You block the hell hound's attack.
The hell hound bites you but does no damage.
The balrug hits you but does no damage.
You closely miss the balrug.
The balrug is lightly wounded.
You hit the hell hound. You barely miss the hell hound.
The hell hound bites you but does no damage.
The hell hound closely misses you.
The balrug hits you with a +0 demon whip of venom.
You are engulfed in flames!!
The hell hound bites you but does no damage. x2
The balrug hits you with a +0 demon whip of venom.
You are engulfed in flames!!
* * * LOW HITPOINT WARNING * * *
You are poisoned.
You hit the balrug.
The balrug is lightly wounded.
You slash the hell hound! You barely miss the hell hound.
You feel very sick. The hell hound breathes flames at you.
The blast of flame hits you!
* * * LOW HITPOINT WARNING * * *
The hell hound breathes flames at you.
The blast of flame hits you but does no damage.
The balrug gestures at you. Something smites you!
You die...

#8 #8 #8# 8# #######
###############
........................
........................
.###########...#########
.#?.....#..#.8.#........
.#.....#...#...#.##...##
h##.######....#2..#####.#.#.#.#
.#.#...#[##.#@h..#...#..##.##. ☼
...#©.©#©..###h..#©.©#©.#.©.#.
....#.#...#....#.##.#...#..##.##.
...##.#####...#....######.#.#.#.#
#.##..#...#...#.....#...#.##...##
Eh....#...#[.#......#...#........
#######§..###########...#########
........§.............≈..........
.......§8≈...........≈8≈........∩


You could see a balrug and 2 hell hounds.

Vanquished Creatures
  A boulder beetle (D:13)
  A manticore (D:13)
  2 trolls
  A hornet (D:10)
  A raiju (Gauntlet)
  16 yaks
  A shadow (D:10)
  A vampire (D:10)
  A wyvern (D:9)
  3 steam dragons
  Edmund (D:4)
  An acid dragon (D:9)
  A water moccasin (D:7)
  2 black bears
  6 orc warriors
  An ice beast (D:7)
  4 centaurs
  5 ogres
  3 kobold brigands
  2 phantoms
  2 gnoll sergeants (D:9)
  4 bullfrogs
  3 necrophages
  4 scorpions
  3 wights (D:9)
  5 killer bees (D:10)
  4 hounds
  3 jellies
  5 orc priests
  Ijyb (D:4)
  5 iguanas
  7 orc wizards
  Natasha (thrice) (D:4)
  Robin (D:4)
  4 gnolls
  7 adders
  7 river rats (D:5)
  A worm (D:2)
  3 dart slugs (D:2)
  41 orcs
  5 ball pythons
  5 bats
  3 endoplasms
  2 giant cockroaches
  15 goblins
  7 hobgoblins
  8 jackals
  10 quokkas
  3 frilled lizards
  27 kobolds
  16 rats
268 creatures vanquished.

Vanquished Creatures (others)
  An adder (D:5)
  A fungus (Gauntlet)
  2 plants (D:2)
4 creatures vanquished.

Grand Total: 272 creatures vanquished

Notes
Turn   | Place    | Note
-------+----------+-------------------------------------------
     0 | D:1      | Jortsu the Gnoll Fighter began the quest for the Orb.
     0 | D:1      | Reached XP level 1. HP: 23/23 MP: 1/1
   152 | D:1      | Reached XP level 2. HP: 21/29 MP: 2/2
   417 | D:1      | Reached XP level 3. HP: 35/35 MP: 3/3
   525 | D:1      | Found a faded altar of an unknown god.
   533 | D:1      | Prayed at the altar of an unknown god.
   533 | D:1      | Became a worshipper of the Wu Jian Council
   533 | D:1      | Reached * piety under Wu Jian
  1131 | D:2      | Reached skill level 1 in Invocations
  1295 | D:2      | Reached skill level 1 in Short Blades
  1295 | D:2      | Reached skill level 1 in Long Blades
  1295 | D:2      | Reached skill level 1 in Maces & Flails
  1295 | D:2      | Reached skill level 1 in Polearms
  1295 | D:2      | Reached skill level 1 in Staves
  1295 | D:2      | Reached skill level 1 in Slings
  1295 | D:2      | Reached skill level 1 in Bows
  1295 | D:2      | Reached skill level 1 in Crossbows
  1295 | D:2      | Reached skill level 1 in Throwing
  1295 | D:2      | Reached skill level 1 in Dodging
  1295 | D:2      | Reached skill level 1 in Stealth
  1295 | D:2      | Reached skill level 1 in Unarmed Combat
  1295 | D:2      | Reached skill level 1 in Spellcasting
  1295 | D:2      | Reached skill level 1 in Evocations
  1295 | D:2      | Reached XP level 4. HP: 41/41 MP: 5/5
  1777 | D:3      | Reached ** piety under Wu Jian
  1910 | D:3      | Reached skill level 1 in Conjurations
  1910 | D:3      | Reached skill level 1 in Hexes
  1910 | D:3      | Reached skill level 1 in Summonings
  1910 | D:3      | Reached skill level 1 in Necromancy
  1910 | D:3      | Reached skill level 1 in Translocations
  1910 | D:3      | Reached skill level 1 in Transmutations
  1910 | D:3      | Reached skill level 1 in Fire Magic
  1910 | D:3      | Reached skill level 1 in Ice Magic
  1910 | D:3      | Reached skill level 1 in Air Magic
  1910 | D:3      | Reached skill level 1 in Earth Magic
  1910 | D:3      | Reached skill level 1 in Poison Magic
  1912 | D:3      | Reached XP level 5. HP: 6/47 MP: 5/7
  2220 | D:3      | Identified the +5 falchion "Kigo" {protect, rPois}
  2754 | D:3      | Gained mutation: You have supernaturally acute eyesight.
                  | (SInv) [potion of mutation]
  2754 | D:3      | Gained mutation: You have a somewhat thin skeletal
                  | structure. (Dex +2, Stealth+) [potion of mutation]
  2830 | D:4      | Noticed Robin
  2851 | D:4      | Reached XP level 6. HP: 53/53 MP: 8/8
  2879 | D:4      | Killed Robin
  2889 | D:4      | Reached skill level 5 in Axes
  2988 | D:4      | Noticed Ijyb
  2996 | D:4      | Killed Ijyb
  3044 | D:4      | Noticed Natasha
  3061 | D:4      | Killed Natasha
  3062 | D:4      | Noticed Edmund
  3082 | D:4      | Killed Edmund
  3083 | D:4      | Reached XP level 7. HP: 27/59 MP: 10/10
  3106 | D:4      | Noticed Natasha
  3119 | D:4      | Killed Natasha
  3408 | D:4      | Noticed Natasha
  3420 | D:4      | Killed Natasha
  3496 | D:4      | Reached *** piety under Wu Jian
  3565 | D:4      | Found a staircase to the Ecumenical Temple.
  3913 | D:5      | Entered Level 5 of the Dungeon
  4345 | D:5      | Reached XP level 8. HP: 67/67 MP: 12/12
  4793 | D:5      | Found a stormy altar of Qazlal.
  5509 | D:6      | Reached **** piety under Wu Jian
  5521 | D:6      | Reached XP level 9. HP: 71/73 MP: 14/14
  5928 | D:7      | Found Otzidepp's Book Boutique.
  6773 | D:8      | Reached ***** piety under Wu Jian
  6775 | D:8      | Reached skill level 5 in Invocations
  7155 | D:8      | Found a staircase to the Lair.
  7212 | D:9      | Reached XP level 10. HP: 40/80 MP: 17/17
  7437 | D:9      | Reached skill level 5 in Short Blades
  7437 | D:9      | Reached skill level 5 in Long Blades
  7437 | D:9      | Reached skill level 5 in Maces & Flails
  7437 | D:9      | Reached skill level 5 in Polearms
  7437 | D:9      | Reached skill level 5 in Staves
  7437 | D:9      | Reached skill level 5 in Slings
  7437 | D:9      | Reached skill level 5 in Bows
  7437 | D:9      | Reached skill level 5 in Crossbows
  7437 | D:9      | Reached skill level 5 in Throwing
  7437 | D:9      | Reached skill level 5 in Dodging
  7437 | D:9      | Reached skill level 5 in Stealth
  7437 | D:9      | Reached skill level 5 in Unarmed Combat
  7437 | D:9      | Reached skill level 5 in Spellcasting
  7437 | D:9      | Reached skill level 5 in Evocations
  8025 | D:9      | Found a staircase to the Orcish Mines.
  8066 | D:10     | Entered Level 10 of the Dungeon
  9254 | D:10     | Reached XP level 11. HP: 77/87 MP: 19/19
  9644 | D:10     | Reached skill level 5 in Conjurations
  9644 | D:10     | Reached skill level 5 in Hexes
  9644 | D:10     | Reached skill level 5 in Summonings
  9644 | D:10     | Reached skill level 5 in Necromancy
  9644 | D:10     | Reached skill level 5 in Translocations
  9644 | D:10     | Reached skill level 5 in Transmutations
  9644 | D:10     | Reached skill level 5 in Fire Magic
  9644 | D:10     | Reached skill level 5 in Ice Magic
  9644 | D:10     | Reached skill level 5 in Air Magic
  9644 | D:10     | Reached skill level 5 in Earth Magic
  9644 | D:10     | Reached skill level 5 in Poison Magic
  9817 | D:10     | Paralysed by a hornet for 3 turns
 10074 | D:10     | Identified the +3 leather armour of Xom, Bursting {rPois}
 10160 | D:10     | You fall into a shaft and drop 3 floors!
 10160 | D:13     | Noticed a manticore
 10169 | D:13     | Killed a manticore
 10228 | D:13     | Noticed a boulder beetle
 10253 | D:13     | Killed a boulder beetle
 10447 | D:12     | Found a gate leading to a gauntlet.
 10456 | Gauntlet | Entered a Gauntlet
 10456 | Gauntlet | Found a transporter.
 10456 | Gauntlet | Found a transporter.
 10456 | Gauntlet | Found a transporter.
 10456 | Gauntlet | Found a transporter.
 10460 | Gauntlet | Found a transporter.
 10467 | Gauntlet | Noticed a balrug
 10472 | Gauntlet | Found a transporter.
 10474 | Gauntlet | Found a transporter.
 10483 | Gauntlet | Found a transporter.
 10483 | Gauntlet | Found a transporter.
 10484 | Gauntlet | Found the +3 pair of seven-league boots {Rampage+∞}
 10490 | Gauntlet | Found a transporter.
 10524 | Gauntlet | Found a transporter.
 10652 | Gauntlet | HP: 2/89 [hell hound/blast of flame (12)]
 10652 | Gauntlet | Killed from afar by a balrug

Illustrated notes

Levels and vault maps discovered:
D:1:      dpeg_arrival_shrine, layout_loops_ring, basic_ecumenical_altar,
          minmay_bisected
D:2:      layout_loops_ring, serial_bayou_ford_a
D:3:      layout_rooms
D:4:      layout_rooms, minmay_temple_entry_sparse_star, uniq_robin, uniq_ijyb,
          uniq_natasha, uniq_edmund
D:5:      lemuel_ratsnest, layout_loops_corners,
          mainiacjoe_overflow_six_doors_small
D:6:      layout_cave_pools, st_stairs_10
D:7:      layout_cave_pools, serial_shops, nicolae_shop_stone,
          minmay_misc_feat_columns, chequers_avenue
D:8:      layout_rooms, lair_entry_dummy
D:9:      layout_rooms, kennysheep_orc_monster_closet_entryway,
          nicolae_figureground_pulse
D:10:     layout_irregular_city
D:12:     layout_roguey, gauntlet_entry_generic, nzn_wu_jian_contemplation
D:13:     layout_basic, erik_vaults_1
Gauntlet: gammafunk_gauntlet_hard_choice [gammafunk_gauntlet_arena_corners,
          nicolae_gauntlet_arena_flowing_pool, nicolae_gauntlet_swirl,
          gammafunk_gauntlet_arena_mazey,
          gammafunk_gauntlet_arena_split_diamond,
          nicolae_gauntlet_arena_grate_2, gauntlet_exit_hidden_loot]

Skill      XL: |  1  2  3  4  5  6  7  8  9 10 11 |
---------------+----------------------------------+-----
Invocations    | 1 2 3 4 5 6 |  6.9
Short Blades   | 1 2 3 4 5 6 |  6.3
Long Blades    | 1 2 3 4 5 6 |  6.3
Maces & Flails | 1 2 3 4 5 6 |  6.3
Polearms       | 1 2 3 4 5 6 |  6.3
Staves         | 1 2 3 4 5 6 |  6.3
Slings         | 1 2 3 4 5 6 |  6.3
Bows           | 1 2 3 4 5 6 |  6.3
Crossbows      | 1 2 3 4 5 6 |  6.3
Throwing       | 1 2 3 4 5 6 |  6.3
Dodging        | 1 2 3 4 5 6 |  6.3
Stealth        | 1 2 3 4 5 6 |  6.3
Unarmed Combat | 1 2 3 4 5 6 |  6.3
Spellcasting   | 1 2 3 4 5 6 |  6.3
Evocations     | 1 2 3 4 5 6 |  6.3
Conjurations   | 1 2 3 4 5 |  5.2
Hexes          | 1 2 3 4 5 |  5.2
Summonings     | 1 2 3 4 5 |  5.2
Necromancy     | 1 2 3 4 5 |  5.2
Translocations | 1 2 3 4 5 |  5.2
Transmutations | 1 2 3 4 5 |  5.2
Fire Magic     | 1 2 3 4 5 |  5.2
Ice Magic      | 1 2 3 4 5 |  5.2
Air Magic      | 1 2 3 4 5 |  5.2
Earth Magic    | 1 2 3 4 5 |  5.2
Poison Magic   | 1 2 3 4 5 |  5.2
Axes           | 5 6 7 |  7.9
Fighting       | 7 8 9 |  9.2
Armour         | 7 8 9 |  9.2
Shields        | 7 8 9 |  9.2

Action                   |  1- 3 |  4- 6 |  7- 9 | 10-12 || total
-------------------------+-------+-------+-------+-------++-------
Melee: War axe           |    63 |   165 |   397 |   290 ||   915
       Bite              |     3 |    19 |    61 |    45 ||   128
       Unarmed           |       |     5 |       |       ||     5
Invok: Lunge             |     2 |     6 |    20 |    10 ||    38
       Whirlwind         |     1 |     7 |    40 |    28 ||    76
  Use: Scroll            |     3 |     7 |     9 |     3 ||    22
       Potion            |       |     1 |       |     2 ||     3
 Stab: Distracted        |       |       |     1 |       ||     1
Armor: Scale mail        |    24 |    23 |       |       ||    47
       Plate armour      |       |    99 |   228 |   206 ||   533
Dodge: Dodged            |    28 |    67 |   161 |   144 ||   400
Block: Buckler           |    12 |    44 |   125 |   126 ||   307

Table legend: (Time is in decaauts)
 A = Elapsed time spent in this place.
 B = Non-inter-level travel time spent in this place.
 C = Inter-level travel time spent in this place.
 D = Time resting spent in this place.
 E = Time spent auto-exploring this place.
 F = Levels seen in this place.
 G = Mean time per level.
                   A        B        C        D        E       F      G
               +--------+--------+--------+--------+--------+-----+--------+
         Total |  10876 |  10623 |    253 |   2809 |   5449 |  13 |  836.6 |
       Dungeon |  10677 |  10424 |    253 |   2767 |   5449 |  12 |  889.8 |
      Gauntlet |    198 |    198 |      0 |     42 |      0 |   1 |  198.0 |
               +--------+--------+--------+--------+--------+-----+--------+

Top non-repeatable levels by time:
    D:10: 1856 daAuts
     D:5: 1420 daAuts
     D:4: 1171 daAuts
     D:9: 1157 daAuts
     D:3: 1049 daAuts
     D:1: 968 daAuts
     D:2: 823 daAuts
     D:6: 796 daAuts
     D:7: 643 daAuts
     D:8: 491 daAuts
    D:13: 230 daAuts
Gauntlet: 198 daAuts
    D:12: 67 daAuts
